Map: Ley Lines

Players

Greenert - Winner!

  • Race: Terran Terran
  • League: Master
  • Spawn Location: 7:00

Darkness

  • Race: Protoss Protoss
  • League: Grandmaster
  • Spawn Location: 1:00

VOD

Have the link to the VOD?

Description

Time

  • Played on: July 16, 2025, 11:42 a.m.
  • Length: 4:15
Show
View Real Time Build Order
Export as new Build Order

Greenert Terran - Winner!

Build Orders: Cyclone Opening 

Get SALT Encoding   

  12  0:00  SCV  
  13  0:12  SCV  
  14  0:16  Supply Depot  
  14  0:24  SCV  
  15  0:29  Refinery  
  15  0:38  SCV  
  16  0:44  Barracks  
  16  0:50  SCV  
  17  1:02  SCV  
  18  1:14  SCV  
  19  1:31  Marine, Factory  
  19  1:32  Orbital Command  
  20  1:33  Supply Depot  
  20  1:51  Barracks Reactor  
  20  1:59  SCV  
  21  2:10  Command Center  
  21  2:12  SCV  
  21  2:14  Factory Tech Lab  
  22  2:20  Refinery  
  22  2:27  Marine x2  
  25  2:34  Cyclone  
  25  2:35  SCV  
  28  2:42  Supply Depot  
  28  2:46  Marine  
  28  2:47  Marine  
  28  2:49  SCV  
  31  3:04  Marine x2  
  33  3:06  Cyclone  
  33  3:08  SCV  
  37  3:22  Marine x2  
  37  3:23  SCV  
  37  3:25  Barracks  
  40  3:35  SCV  
  40  3:39  Siege Tank  
  44  3:47  SCV  
  45  3:49  Marine x2  
  46  3:59  SCV  
Show
View Real Time Build Order
Export as new Build Order

Darkness Protoss 

Build Orders: 1 Gate Expand 

Get SALT Encoding   

  12  0:00  Probe  
  13  0:12  Probe  
  14  0:17  Pylon  
  14  0:23  Probe  
  15  0:31  Probe  
  16  0:38  Gateway  
  16  0:39  Probe  
  16  0:45  Assimilator  
  17  0:51  Probe  
  18  1:03  Probe  
  19  1:15  Probe  
  20  1:22  Nexus  
  20  1:33  Cybernetics Core  
  20  1:36  Probe  
  21  1:42  Assimilator  
  21  1:48  Probe  
  21  1:52  Pylon  
  21  1:58  Stalker  
  21  2:00  Probe  
  22  2:04  Warp Gate  
  22  2:12  Probe  
  25  2:24  Probe  
  25  2:27  Sentry  
  28  2:30  Probe  
  29  2:39  Probe  
  29  2:40  Shield Battery, Probe  
  29  2:43  Twilight Council  
  30  2:51  Stalker, Probe  
  31  2:55  Probe  
  35  3:03  Probe  
  35  3:04  Gateway  
  36  3:08  Probe  
  37  3:15  Probe  
  38  3:20  Probe  
  39  3:37  Probe  
  39  3:38  Shield Battery, Probe, Pylon  
  39  3:55  Stalker  
  39  4:00  Stalker  
  39  4:07  Pylon  
Tags
 
Add a new tag
Caveats
  • Supply blocks, unpowered buildings, or Contaminate may cause inaccurate times.
  • Supply counts are checked every 10 seconds.